 Dungeon Crawl Stone Soup version 0.30-b1-2-g02819fbbbe (webtiles) character file.

Game seed: 17692788297895199558

1691 zspwn the Frost Mage (level 9, -1/61 HPs)
             Began as a Merfolk Ice Elementalist on Aug 1, 2023.
             Succumbed to a water moccasin's poison
             ... on level 7 of the Dungeon on Aug 2, 2023.
             The game lasted 01:21:52 (6444 turns).

zspwn the Frost Mage (Merfolk Ice Elementalist)     Turns: 6444, Time: 01:21:53

Health: -1/61      AC:  4    Str:  8    XL:     9   Next: 2%
Magic:  2/18       EV: 12    Int: 19    God:
Gold:   325        SH:  0    Dex: 14    Spells: 12/20 levels left

rFire   . . .        m - staff of air
rCold   . . .        i - orb {mayhem}
rNeg    . . .        y - +0 troll leather armour {Pargi}
rPois   .            (no helmet)
rElec   +            (no cloak)
rCorr   .            (no gloves)
SInv    +            (no boots)
Will    .....        (no amulet)
Stlth   ++           H - ring of see invisible
HPRegen 1.10/turn    (no ring)
MPRegen 0.16/turn

%: mayhem
@: lethally poisoned (-1 -> -16)
A: (nimble swimmer 2), mertail
a: no special abilities


You were on level 7 of the Dungeon.
You visited 1 branch of the dungeon, and saw 7 of its levels.
You also visited: Sewer.

You collected 325 gold pieces.

Inventory:

Hand Weapons
 c - a +0 club
 l - a +0 dagger
 o - a +0 club
 B - a +0 falchion
 I - a +0 trident of freezing
 M - a +2 short sword of protection
Missiles
 w - 2 throwing nets
Armour
 a - a +0 robe
 i - an orb of mayhem (worn)
 k - a +0 ring mail
 q - a +0 leather armour
 y - a +0 troll leather armour (worn) {Pargi}
 G - a +2 leather armour of poison resistance
Magical Staves
 m - a staff of air (weapon)
 A - a staff of earth
Jewellery
 H - a ring of see invisible (left hand)
Wands
 C - a wand of light (1)
 O - a wand of roots (11) (quivered)
Scrolls
 e - 2 scrolls of fog {unknown}
 g - 7 scrolls of identify {unknown}
 h - a scroll of enchant armour {unknown}
 j - 2 scrolls of brand weapon {unknown}
 r - 3 scrolls of noise {unknown}
 u - a scroll of acquirement {unknown}
 v - 2 scrolls of butterflies {unknown}
 x - a scroll of fear {unknown}
 D - 2 scrolls of magic mapping {unknown}
 E - a scroll of vulnerability {unknown}
 F - 2 scrolls of teleportation {unknown}
 K - a scroll of amnesia {unknown}
 N - a scroll of immolation {unknown}
 P - a scroll of blinking {unknown}
Potions
 b - 3 potions of magic
 d - 2 potions of cancellation {unknown}
 f - a potion of lignification {unknown}
 n - a potion of flight {unknown}
 p - 3 potions of curing {unknown}
 s - 4 potions of haste {unknown}
 t - a potion of mutation {unknown}
 z - a potion of berserk rage
 J - a potion of resistance {unknown}
 L - 2 potions of degeneration {unknown}


   Skills:
 + Level 2.0 Fighting
 + Level 0.5(0.7) Polearms
 + Level 0.2(0.3) Staves
 + Level 2.2 Armour
 + Level 4.1 Dodging
 + Level 2.8 Stealth
 + Level 6.2 Spellcasting
 + Level 0.8 Summonings
 - Level 9.4 Ice Magic


You had 12 spell levels left.
You knew the following spells:

 Your Spells              Type           Power      Damage    Failure   Level
a - Freeze                Ice            100%       1d10      1%          1
b - Ozocubu's Armour      Ice            41%        N/A       1%          3
c - Summon Ice Beast      Ice/Summ       25%        N/A       19%         4

Your spell library contained the following spells:

 Spells                   Type           Power      Damage    Failure   Level
 Frozen Ramparts          Ice            82%        1d13      1%          3
 Blink                    Tloc           10%        N/A       24%         2
 Lesser Beckoning         Tloc           10%        N/A       24%         2
 Manifold Assault         Tloc           5%         N/A       83%         4
 Passage of Golubria      Tloc           5%         N/A       83%         4
 Dispersal                Tloc           2%         N/A       100%        6
 Orb of Destruction       Conj           2%         9d5       100%        7
 Storm Form               Tmut/Air       4%         N/A       100%        7


Dungeon Overview and Level Annotations

Branches:
Dungeon (7/15)             Temple (0/1) D:7           Sewer (visited)

Altars:
Cheibriados
Zin

Shops:
D:7 *


Innate Abilities, Weirdness & Mutations

((You are very nimble when in or above water. (Stealth+, EV+, Speed+++)))
Your lower body shifts to a powerful aquatic tail in water.


Message History

The white imp closely misses the water moccasin.
The water moccasin barely misses the white imp.
The white imp closely misses the water moccasin.
The water moccasin bites the white imp.
The white imp dies!
There is an open door here.
The water moccasin hisses angrily.
The water moccasin bites you!
You are poisoned.
The water moccasin poisons you!
You feel very sick. The water moccasin closely misses you.
You open the door.
You feel sick. The water moccasin bites you! The water moccasin misses you.
Aiming: Fastroot
Press: ? - help, Q - select action, (/) - cycle Shift-Dir - straight line The roots erupt in riotous growth!
Roots grab the water moccasin.
The grasping roots constrict the water moccasin.
You feel sick. The water moccasin bites you! The water moccasin bites you.
* * * LOW HITPOINT WARNING * * *
You are more poisoned.
The water moccasin poisons you! The water moccasin bites you!
* * * LOW HITPOINT WARNING * * *
You are lethally poisoned!
The water moccasin poisons you!
The grasping roots constrict the water moccasin!
* * * LOW HITPOINT WARNING * * *
You feel extremely sick.
The water moccasin escapes!
The water moccasin bites you but does no damage.
There is an open door here.
Casting: Freeze (safe; 1% risk of failure)
Confirm with . or Enter, or press ? or * to list all spells.
Aiming: Freeze (safe; 1% risk of failure)
Press: ? - help, Shift-Dir - straight line, f - water moccasin
Aim: a water moccasin (almost dead, fast, strong, frenzied and insane)
You freeze the water moccasin.
You kill the water moccasin!
You die...

##########
#........############
#........#...'......#
#........#...#......#
#........'...#......#
#........#...##†...##
#.#####+####@##....#
#............##....#
.....#...........#.......
..#####'#####....#........
##⌠##♣.♣##⌠##...#........
##...##.##...##..# ....##.
#_....'.'...._#..######
##...##♣##...##........
.##⌠#######⌠##.........


There were no monsters in sight!

Vanquished Creatures
  A wyvern (D:7)
  Duvessa (D:4)
  A water moccasin (D:7)
  A sky beast (D:7)
  Pargi (Sewer)
  A black bear (D:4)
  A kobold brigand (D:7)
  2 scorpions (D:5)
  A bullfrog (D:5)
  Dowan (D:4)
  A howler monkey (D:6)
  3 hounds
  2 jellies
  An orc priest (D:5)
  Jessica (D:3)
  3 iguanas
  Terence (D:2)
  6 orc wizards
  8 adders
  3 gnolls (D:4)
  A shadow imp (D:7)
  2 white imps
  2 worms (D:3)
  2 dart slugs
  16 orcs
  6 ball pythons
  8 bats
  7 endoplasms
  2 giant cockroaches
  7 goblins
  6 hobgoblins
  2 jackals (D:4)
  3 kobolds
  10 quokkas
  4 frilled lizards
  7 rats
125 creatures vanquished.

Vanquished Creatures (collateral kills)
  A bullfrog (D:4)
  An orc wizard (D:6)
  2 gnolls (D:4)
  An adder (D:4)
  A shadow imp (D:7)
  A white imp (D:7)
  5 orcs
  An endoplasm (D:4)
  A goblin (D:2)
  A hobgoblin (D:2)
  A jackal (D:4)
  5 kobolds
21 creatures vanquished.

Vanquished Creatures (others)
  Sigmund (D:2)
  A gnoll bouda (D:4)
  An orc priest (D:6)
  2 orcs
  A goblin (D:2)
  5 plants (D:3)
11 creatures vanquished.

Grand Total: 157 creatures vanquished

Notes
Turn   | Place    | Note
-------+----------+-------------------------------------------
     0 | D:1      | zspwn the Merfolk Ice Elementalist began the quest for the
                  | Orb.
     0 | D:1      | Reached XP level 1. HP: 13/13 MP: 3/3
   204 | D:1      | Reached XP level 2. HP: 17/19 MP: 0/5
  1074 | D:1      | Reached skill level 5 in Ice Magic
  1203 | D:1      | Reached XP level 3. HP: 23/24 MP: 4/6
  1321 | D:2      | Noticed Sigmund
  1340 | D:2      | Killed Sigmund
  1346 | D:2      | Noticed Terence
  1481 | D:2      | Killed Terence
  1482 | D:2      | Reached XP level 4. HP: 17/30 MP: 1/7
  2540 | D:3      | Noticed Jessica
  2545 | D:3      | Killed Jessica
  2546 | D:3      | Reached XP level 5. HP: 23/35 MP: 6/9
  2735 | D:3      | Reached skill level 6 in Ice Magic
  3451 | D:4      | Reached XP level 6. HP: 33/42 MP: 4/10
  3463 | D:4      | Noticed Duvessa
  3463 | D:4      | Noticed Dowan
  3470 | D:5      | Entered Level 5 of the Dungeon
  3616 | D:4      | Killed Duvessa
  3617 | D:4      | Reached skill level 7 in Ice Magic
  3709 | D:4      | Found a glowing drain.
  3757 | D:4      | Reached skill level 1 in Armour
  3799 | Sewer    | Entered a sewer
  3857 | Sewer    | Noticed Pargi
  3886 | Sewer    | Killed Pargi
  3887 | Sewer    | Reached XP level 7. HP: 28/47 MP: 4/12
  4320 | D:4      | Killed Dowan
  4536 | D:4      | Reached skill level 8 in Ice Magic
  4652 | D:5      | Reached skill level 1 in Fighting
  4652 | D:5      | Reached XP level 8. HP: 54/54 MP: 5/14
  5073 | D:6      | Reached skill level 9 in Ice Magic
  5204 | D:5      | Reached skill level 5 in Spellcasting
  5723 | D:6      | Got the Meditations on Energetic Points
  5729 | D:6      | Learned a level 3 spell: Ozocubu's Armour
  5758 | D:6      | Learned a level 4 spell: Summon Ice Beast
  5800 | D:7      | Found Ea-nāṣir's Fine Metal Goods.
  5948 | D:7      | Found a staircase to the Ecumenical Temple.
  6354 | D:7      | Found a glowing silver altar of Zin.
  6367 | D:7      | Found a snail-covered altar of Cheibriados.
  6415 | D:7      | Noticed a wyvern
  6426 | D:7      | Killed a wyvern
  6434 | D:7      | Reached XP level 9. HP: 46/61 MP: 1/18
  6444 | D:7      | Succumbed to a water moccasin's poison

Illustrated notes

Levels and vault maps discovered:
D:1:      giann_horns, layout_loops_corners
D:2:      layout_loops_ring, minmay_diced_spiral, uniq_terence, uniq_sigmund
D:3:      kennysheep_the_goblin_king, layout_loops_corners, st_stairs_8,
          grunt_ministairs_9, serial_bayou_lagoon_b, uniq_jessica
D:4:      layout_rooms, serial_rivers, chequers_serial_rivers_large_b,
          chequers_serial_rivers_large_a, chequers_serial_rivers_micro_d,
          chequers_serial_rivers_room_a, chequers_serial_rivers_marsh,
          portal_sewer_entry_f, uniq_duvessa
D:5:      layout_loops_ring
D:6:      layout_gridville
D:7:      minmay_octagon_keep, layout_gridville,
          nicolae_ru_great_annihilating_truth, amethyst_overflow_temple_binary,
          minmay_temple_entry_poolview, nicolae_ea-nasir_strikes_again,
          kb_rosetta

Skill      XL: |  1  2  3  4  5  6  7  8 |
---------------+-------------------------+-----
Ice Magic      | 5 6 7 8 9 |  9.4
Dodging        | 3 4 |  4.1
Spellcasting   | 3 4 6 |  6.2
Armour         | 1 2 |  2.2
Fighting       | 1 2 |  2.0
Polearms       | |  0.5
Staves         | |  0.2
Stealth        | |  2.8
Summonings     | |  0.8

Action                     |  1- 3 |  4- 6 |  7- 9 || total
---------------------------+-------+-------+-------++-------
  Melee: Unarmed           |     4 |       |       ||     4
         Club              |     4 |       |       ||     4
         Staff             |     1 |     6 |    19 ||    26
         Trident           |       |       |    18 ||    18
   Cast: Freeze            |    49 |   105 |   139 ||   293
         Summon Ice Beast  |       |       |     4 ||     4
         Ozocubu's Armour  |       |       |     4 ||     4
  Evoke: Wand              |       |       |     2 ||     2
 Armour: Robe              |     5 |       |       ||     5
         Ring mail         |     7 |    40 |       ||    47
         Troll leather arm |       |       |    83 ||    83
  Dodge: Dodged            |    40 |    50 |   111 ||   201
